 Dungeon Crawl Stone Soup version 0.20-a0-465-g6513c8f (webtiles) character file.

501 M4edhros the Covert (level 7, -3/57 HPs)
             Began as an Octopode Artificer on Jan 12, 2017.
             Slain by Nakatomy's ghost (6 damage)
             ... on level 5 of the Dungeon.
             The game lasted 00:03:30 (3294 turns).

M4edhros the Covert (Octopode Artificer)            Turns: 3294, Time: 00:03:31

Health: -3/57      AC:  1    Str: 14    XL:     7   Next: 17%
Magic:  9/9        EV: 13    Int: 11    God:    Xom [.*....]
Gold:   113        SH:  0    Dex: 15    Spells: 6/6 levels left

rFire  . . .     SeeInvis .     j - +1 dagger (venom)
rCold  . . .     Gourm    .     (no shield)
rNeg   . . .     Faith    .     (helmet restricted)
rPois  .         Spirit   .     (no amulet)
rElec  .         Reflect  .     (no ring)
rCorr  .         Harm     .     (no ring)
MR     .....                    (no ring)
Stlth  ..........               (no ring)
                                (no ring)
                                (no ring)
                                (no ring)
                                (no ring)

@: berserking (expiring), very quick
A: almost no armour, stealthy swim, amphibious, 8 rings, constrict 8, camouflage
1, blurry vision 1, dopey 1, frail 1, weak 1, gelatinous body 1
a: Renounce Religion


You were on level 5 of the Dungeon.
You worshipped Xom.
You were a plaything of Xom.
You were very hungry.

You visited 1 branch of the dungeon, and saw 5 of its levels.

You collected 113 gold pieces.

Inventory:

Hand Weapons
 a - a +0 short sword
 j - a +1 dagger of venom (weapon)
Missiles
 n - 3 curare-tipped needles
Wands
 b - a wand of flame (10/48)
 c - a wand of enslavement (12/24)
 d - a wand of random effects (15/48)
 q - a wand of lightning (12/15)
Scrolls
 e - a scroll of recharging {unknown}
 g - a scroll of random uselessness {unknown}
 i - a scroll of immolation {unknown}
 k - 2 scrolls of teleportation {unknown}
 m - 2 scrolls of enchant weapon {unknown}
 o - a scroll of magic mapping {unknown}
Potions
 l - a potion of berserk rage
Books
 p - a book of Cantrips

   Spells                             Type                      Level
   a - Confusing Touch                Hexes                        1
   b - Animate Skeleton               Necromancy                   1
   c - Summon Small Mammal            Summoning                    1
   d - Apportation                    Translocation                1
Comestibles
 f - 2 bread rations
 h - a slice of pizza


   Skills:
 - Level 1.0 Fighting
 - Level 1.0 Short Blades
 - Level 2.0 Dodging
 + Level 10.4 Stealth
 - Level 3.2 Evocations


You had 6 spell levels left.
You didn't know any spells.

Dungeon Overview and Level Annotations

Branches:
Dungeon (5/15)
 Temple: D:4-7

Altars:
Elyvilon
Okawaru
Qazlal
Ru
Uskayaw
Xom

Shops:
D:4 (

Annotations:
D:5 Nakatomy's ghost, novice OgHu


Innate Abilities, Weirdness & Mutations

You cannot wear most types of armour.
You are very stealthy in the water. (Stealth+)
You are amphibious.
You can wear up to eight rings at the same time.
You can use your tentacles to constrict eight enemies at once.
Your skin changes colour to match your surroundings (Stealth+).
Your rubbery body absorbs attacks. (AC +1, EV +1)
Scrolls take you a little longer to read.
You are dopey. (Int -2)
You are frail. (-10% HP)
You are weak. (Str -2)


Message History

You feel yourself moving faster!
You feel mighty! Nakatomy's ghost hits your iron imp!
Your iron imp hits Nakatomy's ghost.
You feel a strong urge to attack something.
Nakatomy's ghost hits your iron imp!
Your iron imp dies!
You hit Nakatomy's ghost. Your squeeze misses Nakatomy's ghost.
Nakatomy's ghost is moderately damaged.
Nakatomy's ghost hits you.
* * * LOW HITPOINT WARNING * * *
Nakatomy's ghost burns you.
* * * LOW HITPOINT WARNING * * *
You puncture Nakatomy's ghost! You squeeze Nakatomy's ghost!
Nakatomy's ghost is heavily damaged.
You hit Nakatomy's ghost. You squeeze Nakatomy's ghost!
Nakatomy's ghost is heavily damaged.
Nakatomy's ghost hits you!
* * * LOW HITPOINT WARNING * * *
Nakatomy's ghost burns you.
You die...
Xom snickers!

................##).#....
#........_##.......#.....
.........# ####...###....
........# ###.._## ##...
.≈≈≈≈...# ##.....## ##..
.≈≈≈≈8..###.......## ##.
.≈≈≈≈...##.........## ##
..._..._W...........## #
........@............##
###....#..............##
######...............#
##..............#
#..............#
##..._.........#
#............##
###.........##
####....###


You could see Nakatomy's ghost.

Vanquished Creatures
  A rime drake (D:5)
  A bullfrog (D:4)
  A quasit (D:5)
  2 orc wizards
  Ijyb (D:2)
  An iguana (D:4)
  A worker ant (D:5)
  2 adders
  2 leopard geckos
  2 orcs (D:4)
  5 bats
  A giant cockroach (D:4)
  2 hobgoblins (D:2)
  2 quokkas (D:4)
  A ball python (D:4)
  3 frilled lizards
  2 goblins (D:1)
  A jackal skeleton (D:4)
  4 kobolds
  A rat (D:2)
36 creatures vanquished.

Vanquished Creatures (others)
  An orc (D:4)
  A bat (D:3)
2 creatures vanquished.

Grand Total: 38 creatures vanquished

Notes
Turn   | Place    | Note
-------+----------+-------------------------------------------
     0 | D:1      | M4edhros the Octopode Artificer began the quest for the Orb.
     0 | D:1      | Reached XP level 1. HP: 13/13 MP: 3/3
    72 | D:1      | Reached skill level 2 in Stealth
    82 | D:1      | Reached skill level 3 in Stealth
    82 | D:1      | Reached XP level 2. HP: 5/18 MP: 4/4
   523 | D:2      | Reached skill level 4 in Stealth
   534 | D:2      | Reached XP level 3. HP: 18/23 MP: 5/5
   550 | D:2      | Noticed Ijyb
   587 | D:2      | Killed Ijyb
   587 | D:2      | Reached skill level 5 in Stealth
   932 | D:3      | Found a sacrificial altar of Ru.
   936 | D:3      | Reached XP level 4. HP: 22/28 MP: 6/6
   943 | D:3      | Reached skill level 6 in Stealth
  1467 | D:4      | Noticed a bullfrog
  1474 | D:4      | Killed a bullfrog
  1474 | D:4      | Reached skill level 7 in Stealth
  1474 | D:4      | Reached XP level 5. HP: 33/33 MP: 7/7
  1484 | D:4      | Found a hide-covered altar of Uskayaw.
  1710 | D:4      | Noticed a hand axe
  1710 | D:4      | Noticed a hand axe
  1737 | D:4      | Found Cocru's Weapon Shop.
  1913 | D:4      | Found a white marble altar of Elyvilon.
  2178 | D:4      | Found a stormy altar of Qazlal.
  2179 | D:4      | Found a shimmering altar of Xom.
  2347 | D:4      | Became a worshipper of Xom the Less-Predictable
  2440 | D:4      | XOM: harmless Summ miscast
  2603 | D:4      | XOM: enchant monster (bad)
  2603 | D:4      | XOM: butterfly on damage
  2933 | D:5      | Entered Level 5 of the Dungeon
  3003 | D:5      | Reached skill level 8 in Stealth
  3068 | D:5      | Found an iron altar of Okawaru.
  3071 | D:5      | XOM: mild Air miscast
  3080 | D:5      | Reached XP level 6. HP: 27/38 MP: 8/8
  3161 | D:5      | XOM: 1-stop teleportation journey
  3234 | D:5      | Noticed a sky beast
  3237 | D:5      | XOM: mild Air miscast
  3239 | D:5      | Noticed a rime drake
  3239 | D:5      | XOM: polymorph something unseen -> rime drake
  3250 | D:5      | Killed a rime drake
  3250 | D:5      | Reached skill level 10 in Stealth
  3250 | D:5      | Reached XP level 7. HP: 26/43 MP: 9/9
  3255 | D:5      | Gained mutation: You are frail. (-10% HP) [mutagenic meat]
  3256 | D:5      | Gained mutation: You are dopey. (Int -2) [mutagenic meat]
  3257 | D:5      | Gained mutation: Scrolls take you a little longer to read. [mutagenic meat]
  3258 | D:5      | Gained mutation: You are weak. (Str -2) [mutagenic meat]
  3276 | D:5      | Noticed Nakatomy's ghost (novice OgHu)
  3282 | D:5      | XOM: scenery: create altars
  3286 | D:5      | XOM: summons friendly iron imp
  3288 | D:5      | XOM: scenery: create altars
  3294 | D:5      | Slain by Nakatomy's ghost

Vault maps used:
D:1:      eino_arrival_cavern_a
D:2:      hangedman_decor_push, kennysheep_jessica_study, uniq_iyjb, uniq_robin,
          uniq_natasha
D:3:      grunt_temple_overflow_holy_war, nicolae_ru_great_annihilating_truth,
          trog_eyes_of_draining
D:4:      elyvilon_altar_1, dancing_weapons_uskayaw,
          amethyst_overflow_temple_binary, serial_shops, shop, first_bread
D:5:      zin_purify, nicolae_overflow_crystal_walls, serial_shops, shop,
          serial_park_tiny_pond

Skill      XL: |  1  2  3  4  5  6 |
---------------+-------------------+-----
Stealth        | 3 4 5 7 8 10 | 10.4
Fighting       | |  1.0
Short Blades   | |  1.0
Dodging        | |  2.0
Evocations     | |  3.2

Action                   |  1- 3 |  4- 6 |  7- 9 || total
-------------------------+-------+-------+-------++-------
Melee: Short sword       |    45 |       |       ||    45
       Constrict         |    14 |     8 |       ||    22
       Tentacles         |     9 |     3 |     2 ||    14
       Dagger            |       |    35 |     3 ||    38
Evoke: Wand              |       |     3 |     5 ||     8
  Use: Potion            |       |     2 |     1 ||     3
 Stab: Sleeping          |     1 |     5 |       ||     6
       Invisible         |       |     1 |       ||     1
       Confused          |       |     2 |       ||     2
  Eat: Chunk             |       |     6 |     4 ||    10
Armor: Skin              |     6 |     8 |       ||    14
Dodge: Dodged            |    36 |    33 |       ||    69
